 Dungeon Crawl Stone Soup version 0.27-a0-828-g8289197e94 (webtiles) character file.

Game seed: 5143122405954063700

60989 jasper the Impaler (level 14, -14/121 HPs)
             Began as a Demigod Gladiator on Mar 30, 2021.
             Demolished by an orc warrior
             ... wielding a +0 halberd
             ... led by an orc warlord
              (25 damage)
             ... on level 2 of the Orcish Mines.
             The game lasted 00:40:37 (29653 turns).

jasper the Impaler (Demigod Gladiator)             Turns: 29653, Time: 00:40:38

Health: -14/121    AC: 22    Str: 15    XL:     14   Next: 22%
Magic:  17/17      EV: 14    Int: 10    God:
Gold:   1121       SH:  0    Dex: 31    Spells: 9/13 levels left

rFire    x . .     SeeInvis .   m - +9 glaive "Ykuomic" {freeze, +Inv rPois Str-2}
rCold    + . .     Faith    .   (shield currently unavailable)
rNeg     . . .     Spirit   .   N - +5 chain mail "Ruuveuz" {Str+2}
rPois    +         Reflect  .   O - +2 helmet
rElec    .         Harm     .   (no cloak)
rCorr    +         Rampage  .   v - +0 pair of gloves
Will     +....                  j - +0 pair of boots
Stlth    ..........             t - amulet of the acrobat
HPRegen  0.30/turn              C - ring of resist corrosion
MPRegen  0.15/turn              M - ring of ice

@: no status effects
A: high mp 1, forlorn
a: Evoke Invisibility


You were on level 2 of the Orcish Mines.
You visited 3 branches of the dungeon, and saw 21 of its levels.
You also visited: Ossuary and Bailey.

You collected 1678 gold pieces.
You spent 557 gold pieces at shops.

Inventory:

Hand Weapons
 a - a +0 trident
 e - a +0 trident
 m - the +9 glaive "Ykuomic" (weapon) {freeze, +Inv rPois Str-2}
   (You bought it in a shop on level 6 of the Dungeon)

   It has been specially enchanted to freeze those struck by it, causing extra
   injury to most foes and up to half again as much damage against particularly
   susceptible opponents.
   It can also slow down cold-blooded creatures.
   It affects your strength (-2).
   It protects you from poison.
   It lets you turn invisible.
 w - a +0 glaive
Missiles
 g - 518 stones
 i - 8 curare-tipped darts (quivered)
 o - 36 poisoned darts
 s - 10 javelins
 y - 7 boomerangs
 F - 4 atropa-tipped darts
Armour
 j - a +0 pair of boots (worn)
 v - a +0 pair of gloves (worn)
 N - the +5 chain mail "Ruuveuz" (worn) {Str+2}
   (You bought it in a shop on level 6 of the Dungeon)

   It affects your strength (+2).
 O - a +2 helmet (worn)
Jewellery
 d - a ring of ice
 h - a ring of willpower
 t - an amulet of the acrobat (around neck)
 C - a ring of resist corrosion (left hand)
 M - a ring of ice (right hand)
 R - a ring of wizardry
 U - a ring of wizardry
Wands
 b - a wand of digging (7)
 G - a wand of flame (27)
 K - a wand of iceblast (3)
 P - a wand of random effects (12)
 Y - a wand of polymorph (9)
Scrolls
 f - a scroll of blinking
 k - 2 scrolls of fear
 l - 4 scrolls of immolation
 p - 2 scrolls of enchant weapon
 q - 4 scrolls of magic mapping
 u - 6 scrolls of amnesia
 x - a scroll of teleportation
 z - a scroll of holy word
 B - 2 scrolls of fog
 L - 3 scrolls of enchant armour
 V - a scroll of torment
 X - 4 scrolls of identify
Potions
 c - a potion of ambrosia
 n - a potion of degeneration
 A - a potion of mutation
 D - 4 potions of brilliance
 E - 4 potions of curing
 H - 2 potions of attraction
 I - a potion of cancellation
 J - a potion of magic
 Q - a potion of resistance
 S - a potion of flight
 T - 2 potions of haste
 W - a potion of heal wounds
 Z - 2 potions of might
Miscellaneous
 r - a lightning rod (inert)


   Skills:
 - Level 10.0 Fighting
 * Level 16.5 Polearms
 - Level 1.7 Throwing
 - Level 10.0 Armour
 - Level 10.0 Dodging


You had 9 spell levels left.
You knew the following spells:

 Your Spells              Type           Power      Damage    Failure   Level
a - Animate Skeleton      Necr           0%         N/A       99%         1
b - Apportation           Tloc           0%         N/A       99%         1
c - Swiftness             Air            0%         N/A       100%        2

Your spell library contained the following spells:

 Spells                   Type           Power      Damage    Failure   Level
 Corona                   Hex            0%         N/A       99%         1
 Magic Dart               Conj           0%         1d3       99%         1
 Shock                    Conj/Air       0%         1d3       99%         1
 Summon Small Mammal      Summ           0%         N/A       99%         1
 Searing Ray              Conj           0%         3d3       100%        2
 Dazzling Flash           Conj/Hex       0%         N/A       100%        3
 Lesser Beckoning         Tloc           0%         N/A       100%        3
 Static Discharge         Conj/Air       0%         N/A       100%        3
 Tukima's Dance           Hex            0%         N/A       100%        3
 Airstrike                Air            0%         N/A       100%        4
 Fulminant Prism          Conj/Hex       0%         3d6       100%        4
 Iskenderun's Mystic Bla  Conj/Tloc      0%         2d3       100%        4
 Alistair's Intoxication  Tmut/Pois      0%         N/A       100%        5
 Lightning Bolt           Conj/Air       0%         1d11      100%        5
 Invisibility             Hex            0%         N/A       100%        6


Dungeon Overview and Level Annotations

Branches:
Dungeon (13/15)            Temple (0/1) D:7            Lair (6/6) D:10
 Shoals (0/4) Lair:3        Snake (0/4) Lair:4        Slime (0/5) Lair:5
    Orc (2/2) D:9         Ossuary (visited)          Bailey (visited)
    Elf: Orc:2       Vaults: D:13-14

Shops:
D:5 (   D:6 ((![   D:9 ([

Annotations:
D:4 1 runed translucent door, Demosthentine's ghost, amateur MfGl
D:8 3 runed translucent doors
Lair:1 exclusion: oklob plant
Lair:2 exclusion: 5 oklob plants
Lair:3 exclusion: 2 oklob plants


Innate Abilities, Weirdness & Mutations

Your attributes grow dramatically as you level up.
You have an increased reservoir of magic. (+10% MP)
You shall have no god before yourself.


Message History

The thunderbolt hits the orc warrior!!
The orc warrior is severely wounded.
The thunderbolt hits the orc knight!!
The orc knight is almost dead.
The thunderbolt hits the orc warrior!!
You kill the orc warrior!
The lightning rod overheats!
The orc warrior hits you with a +0 scimitar!
You take 11 damage, and have 51/121 hp.
Reach: m) +9 glaive "Ykuomic" {freeze, +Inv rPois Str-2}
Press: ? - help, Dir - move target, f - orc warrior
Aim: an orc warrior, wielding a +0 scimitar and wearing a +0 plate armour (lightly wounded, strong, about 22% to evade the +9 glaive "Ykuomic")
You barely miss the orc warrior.
The orc warrior is lightly wounded.
The orc warrior closely misses you.
Reach: m) +9 glaive "Ykuomic" {freeze, +Inv rPois Str-2}
Press: ? - help, Dir - move target, f/p - orc warrior
Aim: an orc warrior, wielding a +0 scimitar and wearing a +0 plate armour (lightly wounded, strong, about 23% to evade the +9 glaive "Ykuomic")
You slice the orc warrior!! You freeze the orc warrior!
You kill the orc warrior!
The orc warrior hits you from afar with a +0 halberd!!
* * * LOW HITPOINT WARNING * * *
You take 28 damage, and have 23/121 hp.
MASSIVE DAMAGE!!
Reach: m) +9 glaive "Ykuomic" {freeze, +Inv rPois Str-2}
Press: ? - help, Dir - move target, f - orc warrior
Aim: an orc warrior, wielding a +0 halberd and wearing a +0 plate armour (severely wounded, strong, about 22% to evade the +9 glaive "Ykuomic")
You reach to attack!
You slash the orc warrior! You freeze the orc warrior.
The orc warrior is almost dead.
The orc warrior hits you from afar with a +0 halberd!
* * * LOW HITPOINT WARNING * * *
You take 13 damage, and have 10/121 hp.
Reach: m) +9 glaive "Ykuomic" {freeze, +Inv rPois Str-2}
Press: ? - help, Dir - move target, f/p - orc warrior
Aim: an orc warrior, wielding a +0 halberd and wearing a +0 plate armour (almost dead, strong, about 23% to evade the +9 glaive "Ykuomic")
The orc knight is in the way.
You hit the orc knight. You freeze the orc knight.
The orc knight is almost dead.
The orc no longer looks unusually strong.
The orc warrior hits you from afar with a +0 halberd!!
You die...

.................<........
....##.............#......
...# #.........)...#......
... ##...........###.....
##......##.## ###..
###.[...### .. ##.)..#
##...## #(@.## ##)o##
##.oo## #...o.# #8...8#
#...).# #.....# ####..
#.....# #...... ........


You could see an orc knight, 2 orc warriors and an orc.

Vanquished Creatures
  Jorgrun (Orc:1)
  Gastronok (Lair:1)
  An orc warlord (Orc:1)
  Josephine (D:10)
  Harold (D:8)
  Fannar (D:10)
  2 hydras
  4 catoblepae (Lair:6)
  Erica (D:8)
  A centaur warrior (D:12)
  A boulder beetle (Lair:6)
  5 two-headed ogres
  7 death yaks
  An orc high priest (Orc:2)
  Urug (D:10)
  3 skeletal warriors (D:11)
  A necromancer (Lair:5)
  2 orc knights (Orc:2)
  A wolf spider (D:12)
  A deep elf pyromancer (D:13)
  A cyclops (Orc:2)
  2 manticores (Lair:6)
  4 elephants (Lair:3)
  3 black mambas
  2 gargoyles
  13 cane toads
  An unseen horror (D:11)
  7 komodo dragons
  5 rime drakes
  4 trolls
  2 polar bears
  14 blink frogs
  A hornet (D:6)
  50 yaks
  2 shadows
  2 wyverns
  5 wraiths
  Eustachio (D:6)
  2 basilisks
  3 vampire mosquitoes (D:12)
  4 wargs
  2 nagas (Lair:4)
  19 water moccasins
  An acid dragon (D:10)
  12 orc warriors
  2 black bears
  A hornet zombie (D:5)
  8 ogres
  2 necrophages
  2 ice beasts
  19 wolves
  4 centaurs
  9 gnoll sergeants
  12 bullfrogs
  A wyvern zombie (D:7)
  2 scorpions
  5 water moccasin zombies
  A water moccasin skeleton (D:5)
  4 wights (D:9)
  2 howler monkeys
  An electric eel (D:6)
  2 centaur zombies
  7 gnoll shamans
  4 hounds
  8 jellies
  10 orc priests
  Terence (D:3)
  2 iguanas
  15 orc wizards
  4 hell rats (Lair:6)
  3 polar bear simulacra (Lair:5)
  4 yak simulacra (Lair:5)
  3 wolf simulacra (Lair:5)
  2 mummies (Ossuary)
  2 howler monkey zombies
  8 adders
  25 gnolls
  A shadow imp (D:6)
  3 white imps
  2 adder zombies (Ossuary)
  A worm (D:2)
  2 dart slugs (D:1)
  43 orcs
  7 ball pythons
  16 endoplasms
  2 giant cockroaches (D:1)
  5 gnoll zombies (Ossuary)
  4 goblins
  12 hobgoblins
  10 jackals (D:1)
  4 quokkas
  10 bats
  3 frilled lizards
  6 hobgoblin zombies (Ossuary)
  A jackal skeleton (D:4)
  2 kobolds
  2 kobold zombies (Ossuary)
  2 orc zombies (Ossuary)
  2 rats
  A river rat simulacrum (Lair:5)
515 creatures vanquished.

Vanquished Creatures (collateral kills)
  A slime creature (D:5)
1 creature vanquished.

Vanquished Creatures (others)
  A centaur warrior (D:13)
  A bush (Lair:2)
  65 fungi
  48 plants
115 creatures vanquished.

Grand Total: 631 creatures vanquished

Notes
Turn   | Place    | Note
-------+----------+-------------------------------------------
     0 | D:1      | jasper the Demigod Gladiator began the quest for the Orb.
     0 | D:1      | Reached XP level 1. HP: 17/17 MP: 3/3
   295 | D:1      | Reached skill level 3 in Polearms
   295 | D:1      | Reached XP level 2. HP: 24/24 MP: 4/4
   750 | D:1      | You fall into a shaft and drop 1 floor!
   767 | D:2      | Reached XP level 3. HP: 29/29 MP: 5/5
   875 | D:2      | Noticed an ogre
   885 | D:2      | Killed an ogre
   886 | D:2      | Reached skill level 1 in Armour
   886 | D:2      | Reached XP level 4. HP: 37/37 MP: 6/6
  2198 | D:3      | Noticed a black bear
  2221 | D:3      | Killed a black bear
  2222 | D:3      | Reached skill level 4 in Polearms
  2222 | D:3      | Reached XP level 5. HP: 24/45 MP: 7/7
  2560 | D:3      | You fall into a shaft and drop 1 floor!
  2970 | D:3      | Reached XP level 6. HP: 51/51 MP: 8/8
  3058 | D:3      | Noticed Terence
  3072 | D:3      | Killed Terence
  3665 | D:4      | Found a runed translucent door.
  3667 | D:4      | Noticed Demosthentine's ghost (amateur MfGl)
  4173 | D:4      | Reached skill level 5 in Polearms
  4601 | D:4      | Noticed an eight-headed hydra
  4619 | D:5      | Entered Level 5 of the Dungeon
  4619 | D:5      | Noticed a shadow
  4624 | D:5      | Killed a shadow
  4625 | D:5      | Reached XP level 7. HP: 58/58 MP: 9/9
  5810 | D:5      | Reached skill level 6 in Polearms
  6334 | D:6      | Noticed a yak
  6336 | D:6      | Noticed Eustachio
  6367 | D:6      | Reached XP level 8. HP: 62/67 MP: 10/10
  6392 | D:6      | Reached skill level 5 in Dodging
  6452 | D:6      | Killed Eustachio
  6613 | D:5      | Reached skill level 7 in Polearms
  6775 | D:6      | Reached skill level 5 in Fighting
  6793 | D:6      | Noticed a hornet
  6801 | D:6      | Killed a hornet
  6804 | D:6      | Found Louss's Weapon Emporium.
  6810 | D:6      | Found Goxt's Distillery.
  7005 | D:6      | Bought a potion of curing for 33 gold pieces
  7005 | D:6      | Bought a potion of heal wounds for 55 gold pieces
  7059 | D:6      | Found Cynuiciexa's Antique Armour Shoppe.
  7239 | D:6      | Noticed a slime creature
  7295 | D:5      | Killed a slime creature
  7296 | D:5      | Reached skill level 5 in Armour
  7514 | D:5      | Reached skill level 8 in Polearms
  7737 | D:7      | Found a sand-covered staircase.
  7741 | Ossuary  | Entered an ossuary
  7769 | Ossuary  | Reached XP level 9. HP: 62/74 MP: 11/11
  8296 | D:7      | Reached skill level 9 in Polearms
  9098 | D:7      | Reached skill level 10 in Polearms
  9409 | D:7      | Found a staircase to the Ecumenical Temple.
  9469 | D:8      | Noticed Erica
  9491 | D:8      | Killed Erica
 10106 | D:8      | Reached skill level 11 in Polearms
 10650 | D:8      | Noticed Harold
 10681 | D:8      | Found a runed translucent gate.
 10681 | D:8      | Found a runed translucent gate.
 10681 | D:8      | Noticed a red ugly thing
 10681 | D:8      | Noticed a brown ugly thing
 10681 | D:8      | Noticed a cyan ugly thing
 10682 | D:8      | Found a runed translucent gate.
 10682 | D:8      | Noticed a purple very ugly thing
 10682 | D:8      | Noticed a brown ugly thing
 10682 | D:8      | Noticed a cyan ugly thing
 10682 | D:8      | Noticed a purple ugly thing
 10700 | D:8      | Killed Harold
 10701 | D:8      | Reached XP level 10. HP: 41/81 MP: 13/13
 11107 | D:8      | Reached skill level 12 in Polearms
 11858 | D:9      | Found Ywoum's Weapon Boutique.
 11917 | D:6      | Bought a polished chain mail for 228 gold pieces
 11917 | D:6      | Identified the +5 chain mail "Ruuveuz" {Str+2} (You bought
                  | it in a shop on level 6 of the Dungeon)
 11998 | D:6      | Found Rirch's Antique Weapon Emporium.
 12204 | D:9      | Found a staircase to the Orcish Mines.
 12208 | D:9      | Found Jomnez's Armour Boutique.
 13158 | D:10     | Entered Level 10 of the Dungeon
 13162 | D:10     | Noticed Fannar
 13706 | D:10     | Reached XP level 11. HP: 35/89 MP: 14/14
 13828 | D:10     | Noticed Josephine
 13838 | D:10     | Killed Josephine
 13960 | D:10     | Found a staircase to the Lair.
 14053 | D:6      | Bought a pitted glaive for 241 gold pieces
 14053 | D:6      | Identified the +9 glaive "Ykuomic" {freeze, +Inv rPois
                  | Str-2} (You bought it in a shop on level 6 of the Dungeon)
 14479 | Orc:1    | Entered Level 1 of the Orcish Mines
 14525 | D:10     | You fall into a shaft and drop 3 floors!
 14525 | D:13     | Noticed a centaur warrior
 14525 | D:13     | Noticed a deep elf pyromancer
 14526 | D:13     | Noticed a two-headed ogre
 14536 | D:13     | Killed a centaur warrior
 14543 | D:13     | Killed a two-headed ogre
 14544 | D:13     | Reached skill level 13 in Polearms
 14547 | D:13     | Killed a deep elf pyromancer
 14754 | D:13     | Noticed a two-headed ogre
 14763 | D:13     | Killed a two-headed ogre
 14884 | D:12     | Noticed a two-headed ogre
 14888 | D:12     | Killed a two-headed ogre
 15028 | D:12     | Noticed a centaur warrior
 15046 | D:12     | Killed a centaur warrior
 15400 | D:12     | Found a flagged portal.
 15409 | Bailey   | Entered a bailey
 16483 | D:11     | Noticed a skeletal warrior
 16484 | D:11     | Noticed a skeletal warrior
 16485 | D:11     | Noticed a two-headed ogre
 16486 | D:11     | Noticed a skeletal warrior
 16963 | D:10     | Noticed Urug
 16973 | D:10     | Killed Urug
 16996 | D:10     | Killed Fannar
 17167 | D:10     | Noticed a two-headed ogre
 17175 | D:10     | Killed a two-headed ogre
 17176 | D:10     | Reached XP level 12. HP: 90/100 MP: 15/15
 17507 | D:11     | Reached skill level 14 in Polearms
 18609 | Lair:1   | Entered Level 1 of the Lair of Beasts
 18842 | Lair:1   | Identified the +11 quarterstaff "Kiett" {freeze, +Inv}
 19003 | Lair:1   | Learned a level 1 spell: Animate Skeleton
 19005 | Lair:1   | Learned a level 1 spell: Apportation
 19008 | Lair:1   | Learned a level 2 spell: Swiftness
 19470 | Lair:1   | Noticed Gastronok
 19480 | Lair:1   | Killed Gastronok
 20469 | Lair:2   | Paralysed by a floating eye for 2 turns
 20474 | Lair:2   | Paralysed by a floating eye for 2 turns
 21376 | Lair:3   | Reached XP level 13. HP: 76/108 MP: 16/16
 21724 | Lair:3   | Found a staircase to the Shoals.
 22022 | Lair:3   | Reached skill level 15 in Polearms
 22496 | Lair:4   | Found a staircase to the Snake Pit.
 24006 | Lair:5   | Found a staircase to the Slime Pits.
 24925 | Lair:6   | Entered Level 6 of the Lair of Beasts
 28290 | Lair:6   | Reached skill level 16 in Polearms
 28481 | Orc:1    | You fall into a shaft and drop 1 floor!
 28481 | Orc:2    | Entered Level 2 of the Orcish Mines
 28495 | Orc:2    | Reached XP level 14. HP: 71/119 MP: 17/17
 28817 | Orc:2    | Noticed an orc warlord
 28817 | Orc:2    | Paralysed by an orc sorcerer for 5 turns
 28943 | Orc:1    | Noticed Jorgrun
 28956 | Orc:1    | Killed Jorgrun
 28957 | Orc:1    | Reached skill level 10 in Fighting
 28957 | Orc:1    | Reached skill level 10 in Armour
 28957 | Orc:1    | Reached skill level 10 in Dodging
 29459 | Orc:1    | Killed an orc warlord
 29653 | Orc:2    | Demolished by an orc warrior

Illustrated notes

Levels and vault maps discovered:
D:1:      lightli_arrival_noodles, layout_basic, minmay_stone_trees_medium
D:2:      layout_basic, kennysheep_generic_room_12
D:3:      layout_loops_ring, minmay_circle_x, uniq_terence
D:4:      layout_gridville, ebering_ghost_inner_flame, small_statue_intersection
D:5:      layout_loops_ring
D:6:      lemuel_slime, layout_cave_pools, serial_shops, shop, shop,
          nicolae_shop_temple_entry_statues_fountains, nicolae_shop_statue_plus,
          amcnicky_mini_pool_medium, uniq_eustachio
D:7:      layout_basic, minmay_temple_entry_antechambers,
          nicolae_ossuary_entry_false_entrances, kennysheep_cross_room
D:8:      layout_gridville, nemelex_xobeh_ov_fountains_minmay,
          ploomutoo_gammafunk_ghost_potion_laboratory, moated_statue,
          nrook_loot_triangle, uniq_harold, uniq_erica
D:9:      layout_layer_cave, orc_david_3
D:10:     layout_rooms, due_lair_maze_entry_diamond, uniq_josephine,
          uniq_fannar, uniq_urug
D:11:     layout_roguey
D:12:     layout_basic, enter_bailey_2, xom_redecorated
D:13:     layout_grid_maze, erik_vaults_1
Lair:1:   layout_cave_pods, grunt_megastairs_3, minmay_lair_oklob_chamber,
          uniq_gastronok
Lair:2:   layout_hall_layers, minmay_lair_oklob_bushes, disabler_island
Lair:3:   layout_regular_city, elwin_shoals_entry_rocks, minmay_lair_oklob_items
Lair:4:   layout_gridlike, minmay_snake_entry_guardpost_small,
          serial_bayou_shore_b
Lair:5:   layout_cave_pods, slime_altar_1, eino_house_with_fridge
Lair:6:   evilmike_catoblepas_cave, layout_misc_corridors, minivault_27,
          infiniplex_staircase_pool_2
Orc:1:    layout_caves, serial_shops, nicolae_shop_behind_doors, uniq_jorgrun
Orc:2:    grunt_orc_cross, layout_diamond_mine

Skill      XL: |  1  2  3  4  5  6  7  8  9 10 11 12 13 14 |
---------------+-------------------------------------------+-----
Fighting       | 2 3 4 5 7 8 9 10 | 10.0
Polearms       | 3 4 5 6 8 11 12 13 14 16 | 16.5
Dodging        | 3 4 5 7 8 9 10 | 10.0
Armour         | 1 2 3 5 7 8 9 10 | 10.0
Throwing       | |  1.7

Action                   |  1- 3 |  4- 6 |  7- 9 | 10-12 | 13-15 || total
-------------------------+-------+-------+-------+-------+-------++-------
Melee: Trident           |    98 |   129 |       |       |    17 ||   244
       Glaive            |       |    56 |   387 |   633 |   494 ||  1570
Throw: Stone             |    14 |    39 |       |    19 |    24 ||    96
       Throwing net      |     2 |     1 |     1 |     4 |       ||     8
       Dart              |       |    61 |    46 |    44 |    47 ||   198
       Boomerang         |       |       |    40 |       |       ||    40
Evoke: Wand              |       |       |     8 |    12 |     5 ||    25
       Lightning rod     |       |       |       |       |     4 ||     4
  Use: Potion            |       |     6 |     6 |    10 |     1 ||    23
       Scroll            |       |     1 |    14 |     9 |     3 ||    27
 Stab: Held in net/web   |     3 |     1 |       |       |       ||     4
       Sleeping          |       |     1 |       |       |       ||     1
       Paralysed         |       |       |     6 |     7 |       ||    13
       Petrified         |       |       |       |       |    11 ||    11
       Petrifying        |       |       |       |       |     2 ||     2
Armor: Leather armour    |    22 |       |       |       |       ||    22
       Ring mail         |     4 |    56 |     4 |       |       ||    64
       Skin              |       |    29 |       |       |       ||    29
       Scale mail        |       |       |   148 |    11 |       ||   159
       Chain mail        |       |       |       |   310 |   200 ||   510
Dodge: Dodged            |    65 |    91 |   246 |   384 |   307 ||  1093

Table legend: (Time is in decaauts)
 A = Elapsed time spent in this place.
 B = Non-inter-level travel time spent in this place.
 C = Inter-level travel time spent in this place.
 D = Time resting spent in this place.
 E = Time spent auto-exploring this place.
 F = Levels seen in this place.
 G = Mean time per level.
                   A        B        C        D        E       F      G
               +--------+--------+--------+--------+--------+-----+--------+
         Total |  29827 |  28729 |   1098 |   9537 |  14154 |  23 | 1296.8 |
       Dungeon |  17710 |  16900 |    810 |   6447 |   7404 |  13 | 1362.3 |
          Lair |   9727 |   9448 |    279 |   2322 |   5913 |   6 | 1621.2 |
  Orcish Mines |   1222 |   1213 |      9 |    288 |    575 |   2 |  611.0 |
       Ossuary |    367 |    367 |      0 |    135 |      1 |   1 |  367.0 |
        Bailey |    798 |    798 |      0 |    345 |    261 |   1 |  798.0 |
               +--------+--------+--------+--------+--------+-----+--------+

Top non-repeatable levels by time:
  Lair:6: 2951 daAuts
     D:9: 2553 daAuts
     D:8: 2184 daAuts
     D:4: 2006 daAuts
  Lair:5: 1877 daAuts
     D:5: 1790 daAuts
     D:7: 1472 daAuts
    D:11: 1441 daAuts
  Lair:3: 1422 daAuts
     D:3: 1275 daAuts
  Lair:1: 1274 daAuts
  Lair:2: 1201 daAuts
     D:1: 1178 daAuts
    D:10: 1112 daAuts
     D:6: 1047 daAuts
